 Dungeon Crawl Stone Soup version 0.21.1-1-g345015f (webtiles) character file.

1456 dvd the Insei (level 8, -2/51 HPs)
             Began as an Octopode Transmuter on July 29, 2018.
             Was a Believer of Qazlal.
             Slain by an ice beast (4 damage)
             ... on level 6 of the Dungeon.
             The game lasted 00:20:50 (6881 turns).

dvd the Insei (Octopode Transmuter)                 Turns: 6881, Time: 00:20:50

Health: -2/51      AC:  1    Str: 10    XL:     8   Next: 76%
Magic:  14/14      EV: 18    Int: 17    God:    Qazlal [**....]
Gold:   292        SH:  4    Dex: 12    Spells: 9/15 levels left

rFire    . . .     SeeInvis .     - Unarmed
rCold    . . .     Gourm    .   (no shield)
rNeg     . . .     Faith    .   (helmet restricted)
rPois    .         Spirit   .   g - +2 amulet of reflection
rElec    .         Reflect  +   D - +4 ring of evasion
rCorr    .         Harm     .   (no ring)
MR       .....                  (no ring)
Stlth    +++.......             (no ring)
HPRegen  0.17/turn              (no ring)
MPRegen  0.14/turn              (no ring)
                                (no ring)
                                (no ring)

@: no status effects
A: almost no armour, stealthy swim, amphibious, 8 rings, constrict 8, camouflage
1, gelatinous body 1
a: Upheaval, Renounce Religion


You were on level 6 of the Dungeon.
You worshipped Qazlal.
Qazlal was pleased with you.
You were not hungry.

You visited 2 branches of the dungeon, and saw 7 of its levels.
You also visited: Ossuary.

You collected 292 gold pieces.

Inventory:

Hand Weapons
 r - a +1 short sword of speed
Missiles
 a - 41 arrows
 t - 7 javelins of penetration (quivered)
Jewellery
 f - an uncursed amulet of rage
 g - a +2 amulet of reflection (around mantle)
 D - a +4 ring of evasion (left tentacle)
Wands
 A - a wand of enslavement (20)
Scrolls
 d - 2 scrolls of amnesia {unknown}
 e - 4 scrolls of fear {unknown}
 h - 2 scrolls of enchant armour {unknown}
 j - 12 scrolls of identify {unknown}
 l - 3 scrolls of teleportation {unknown}
 m - 2 scrolls of magic mapping {unknown}
 o - 5 scrolls of remove curse {unknown}
 s - a scroll of blinking {unknown}
 w - a scroll of fog {unknown}
 y - a scroll of immolation {unknown}
 E - a scroll of random uselessness {unknown}
Potions
 i - 3 potions of heal wounds
 k - 4 potions of curing
 n - a potion of resistance {unknown}
 p - 3 potions of flight {unknown}
 q - a potion of cancellation {unknown}
 u - 2 potions of agility {unknown}
 v - 3 potions of haste {unknown}
 x - 2 potions of lignification {unknown}
 z - a potion of might {unknown}
 B - a potion of mutation {unknown}
 C - a potion of berserk rage
Books
 b - a book of Changes

   Spells                             Type                      Level
   a - Beastly Appendage              Transmutation                1
   b - Sticks to Snakes               Transmutation                2
   c - Spider Form                    Transmutation/Poison         3
   d - Ice Form                       Ice/Transmutation            4
   e - Blade Hands                    Transmutation                5
Comestibles
 c - 10 rations
 F - a chunk of flesh


   Skills:
 + Level 2.5 Fighting
 + Level 3.7 Dodging
 + Level 5.4 Stealth
 + Level 7.3 Unarmed Combat
 + Level 4.0 Spellcasting
 * Level 4.4 Transmutations
 + Level 0.9 Poison Magic


You had 9 spell levels left.
You knew the following spells:

 Your Spells              Type           Power        Failure   Level  Hunger
a - Beastly Appendage     Tmut           ###...       2%          1    None
b - Sticks to Snakes      Tmut           ###.....     3%          2    ##.....
c - Spider Form           Tmut/Pois      ##........   16%         3    ###....


Dungeon Overview and Level Annotations

Branches:
Dungeon (6/15)             Temple (1/1) D:4

Altars:
Ashenzari
Cheibriados
Dithmenos
Elyvilon
Fedhas
Gozag
Hepliaklqana
Kikubaaqudgha
Makhleb
Nemelex Xobeh
Okawaru
Qazlal
Ru
Sif Muna
Trog
Uskayaw
Vehumet
Wu Jian
Xom
Yredelemnul
Zin
The Shining One

Annotations:
D:5 Rwicked's ghost, novice MiBe


Innate Abilities, Weirdness & Mutations

You cannot wear most types of armour.
You are very stealthy in the water. (Stealth+)
You are amphibious.
You can wear up to eight rings at the same time.
You can use your tentacles to constrict eight enemies at once.
Your skin changes colour to match your surroundings (Stealth+).
Your rubbery body absorbs attacks. (AC +1, EV +1)


Message History

The orc is moderately wounded.
You constrict the orc. The orc misses you. You block the orc's attack.
The ice beast barely misses you.
An orc comes into view. It is wielding a short sword.
The orc shouts!
You tentacle-slap the orc.
You kill the orc!
Qazlal accepts your kill. You block the orc's attack. The ice beast hits you.
The ice beast freezes you!
* * * LOW HITPOINT WARNING * * *
A gnoll comes into view. It is wielding a spear.
The orc completely misses you.
You see here a whip.
There is a stone staircase leading up here.
The orc completely misses you.
The orc wizard gestures at you while chanting.
The magic dart hits you!
* * * LOW HITPOINT WARNING * * *
The ice beast hits you.
You die...

##....####.####
#.............#
#..........##.#
##..........#.#
#.#........#.#
#.#...###..#.# #.#...#
####.# #.#...### #.#
##.@Y....# #.# ...
###.oo)....####.# ...
...go.......#....# .._.
.............#....#.....
.............#....#.....
................).......
....)..#######.)..#.....
....... ..#....#.....
...### #.####.# ...)


You could see an ice beast, an orc wizard, a gnoll and 2 orcs.

Vanquished Creatures
  A sky beast (D:5)
  2 centaurs
  An ogre (D:4)
  3 elf skeletons (D:4)
  4 scorpions
  A howler monkey (D:5)
  A bullfrog zombie (D:5)
  A centaur zombie (D:5)
  2 human zombies
  A hound (D:4)
  A bullfrog skeleton (D:3)
  A human skeleton (D:4)
  An orc wizard (D:4)
  4 worker ants
  2 big kobold zombies (Ossuary)
  A hound zombie (D:5)
  2 mummies (Ossuary)
  2 worker ant zombies
  3 gnolls (D:4)
  6 scorpion zombies (Ossuary)
  9 adders
  2 oozes
  An adder skeleton (D:5)
  3 worms
  5 dart slugs
  4 leopard geckos
  8 orcs
  4 giant cockroaches
  7 goblins
  4 hobgoblins (D:1)
  8 jackals
  5 kobolds
  A quokka (D:4)
  A ball python (D:5)
  8 bats
  3 frilled lizards
  A gnoll zombie (Ossuary)
  3 goblin zombies (Ossuary)
  5 hobgoblin zombies (Ossuary)
  A kobold zombie (Ossuary)
  A leopard gecko zombie (D:5)
  An orc zombie (D:4)
  7 rats
132 creatures vanquished.

Vanquished Creatures (collateral kills)
  An adder (D:2)
  An orc (D:4)
  A frilled lizard (D:4)
  A jackal skeleton (D:4)
  A kobold (D:2)
5 creatures vanquished.

Vanquished Creatures (others)
  2 scorpions (Ossuary)
  A mummy (Ossuary)
  2 kobold zombies (Ossuary)
5 creatures vanquished.

Grand Total: 142 creatures vanquished

Notes
Turn   | Place    | Note
-------+----------+-------------------------------------------
     0 | D:1      | dvd the Octopode Transmuter began the quest for the Orb.
     0 | D:1      | Reached XP level 1. HP: 13/13 MP: 3/3
   415 | D:1      | Reached XP level 2. HP: 18/18 MP: 5/5
   456 | D:1      | Learned a level 2 spell: Sticks to Snakes
   821 | D:1      | Reached XP level 3. HP: 20/23 MP: 6/6
   898 | D:1      | Reached skill level 1 in Stealth
  1071 | D:1      | Learned a level 3 spell: Spider Form
  1678 | D:2      | Reached XP level 4. HP: 28/28 MP: 1/7
  2110 | D:3      | Reached skill level 4 in Unarmed Combat
  2110 | D:3      | Reached XP level 5. HP: 23/33 MP: 8/8
  2587 | D:3      | Found a stormy altar of Qazlal.
  2922 | D:3      | Became a worshipper of Qazlal Stormbringer
  3009 | D:4      | Reached XP level 6. HP: 20/38 MP: 6/10
  3349 | D:4      | Found a sand-covered staircase.
  3355 | D:4      | Reached XP level 7. HP: 19/44 MP: 11/11
  3397 | Ossuary  | Entered an ossuary
  3554 | Ossuary  | Reached skill level 5 in Unarmed Combat
  3557 | Ossuary  | Reached * piety under Qazlal
  3789 | Ossuary  | Reached skill level 5 in Stealth
  3809 | Ossuary  | HP: 2/44 [poisoned by a scorpion]
  5037 | D:4      | Found Ecran's Book Shoppe.
  5225 | D:4      | Reached skill level 6 in Unarmed Combat
  5235 | D:4      | Reached XP level 8. HP: 36/50 MP: 13/13
  5630 | D:4      | Found a staircase to the Ecumenical Temple.
  5639 | Temple   | Entered the Ecumenical Temple
  5838 | D:5      | Entered Level 5 of the Dungeon
  5914 | D:5      | Noticed Rwicked's ghost (novice MiBe)
  6173 | D:5      | Reached ** piety under Qazlal
  6182 | D:5      | Reached skill level 7 in Unarmed Combat
  6730 | D:6      | Found a shimmering altar of Xom.
  6881 | D:6      | HP: 2/51 [orc wizard/magic dart (7)]
  6881 | D:6      | Slain by an ice beast

Skill      XL: |  1  2  3  4  5  6  7  8 |
---------------+-------------------------+-----
Stealth        | 2 3 4 5 |  5.4
Unarmed Combat | 4 6 7 |  7.3
Transmutations | 3 4 |  4.4
Spellcasting   | 3 4 |  4.0
Dodging        | 3 |  3.7
Fighting       | 2 |  2.5
Poison Magic   | |  0.9

Action                   |  1- 3 |  4- 6 |  7- 9 || total
-------------------------+-------+-------+-------++-------
Melee: Unarmed           |    66 |   119 |   214 ||   399
       Constrict         |    19 |    25 |    41 ||    85
       Kick              |    10 |     6 |    33 ||    49
       Tentacles         |     6 |    18 |    42 ||    66
       Punch             |     1 |     1 |    15 ||    17
 Cast: Beastly Appendage |    14 |     9 |    16 ||    39
       Sticks to Snakes  |     2 |     2 |    17 ||    21
       Spider Form       |     1 |     3 |     2 ||     6
Invok: Upheaval          |       |       |     1 ||     1
  Use: Potion            |       |     1 |     2 ||     3
 Stab: Sleeping          |     9 |    13 |       ||    22
  Eat: Chunk             |     3 |     6 |     5 ||    14
       Ration            |       |       |     2 ||     2
Armor: Skin              |     8 |     7 |     7 ||    22
Dodge: Dodged            |    35 |    72 |    90 ||   197
Block: Other             |     2 |     6 |    20 ||    28
       Reflection        |     1 |       |       ||     1
